Description

Safe TvP build order, fast expand into 3 rax play followed by a bio push after 2 medivacs finish

VOD

https://www.youtube.com/watch?v=mFWwHcoUxbs

Replay - *NEW PATCH* - TvP Build Order Guide

Build Order

Get SALT Encoding   

  12  0:01  SCV  
  13  0:13  SCV  
  14  0:17  Supply Depot  
  14  0:25  SCV  
  15  0:38  SCV  
  15  0:40  Barracks  
  16  0:44  Refinery  
  16  0:50  SCV  
  17  1:02  SCV  
  18  1:14  SCV  
  19  1:27  Orbital Command, Reaper  
  20  1:43  Command Center  
  20  1:53  SCV  
  21  1:58  Barracks  
  21  2:02  Barracks Reactor  
  21  2:07  SCV  
  22  2:13  Supply Depot  
  22  2:19  SCV  
  23  2:25  Engineering Bay  
  24  2:39  Marine x2  
  26  2:44  Barracks Tech Lab  
  27  2:55  Orbital Command  
  27  2:57  Marine x2  
  29  3:02  Marine  
  29  3:03  Stimpack  
  31  3:09  Terran Infantry Weapons Level 1  
  32  3:17  Marine x2  
  32  3:19  Supply Depot  
  34  3:20  Bunker  
  36  3:28  Marine  
  37  3:35  Marine  
  37  3:38  Barracks  
  40  3:44  Marine, Refinery  
  44  3:51  Supply Depot  
  47  4:03  Factory  
  49  4:15  Refinery, Supply Depot  
  53  4:27  Barracks Tech Lab  
  60  4:48  Starport  
  60  4:49  Factory Reactor  
  65  5:04  Combat Shields  
  73  5:27  Concussive Shells  
  77  5:30  Medivac x2  
  77  5:32  Terran Infantry Armor Level 1  
  81  5:37  Refinery  
  85  5:47  Factory Reactor  
  86  5:54  Command Center  
  89  6:00  Medivac x2  
  101  6:22  Barracks x2  
  102  6:35  Widow Mine x2  
  110  6:52  Medivac  
  112  6:56  Armory, Engineering Bay  
  114  7:04  Widow Mine x2  
  114  7:05  Medivac  
  121  7:12  Orbital Command  
Spawning Tool Build Advisor. Get it on Overwolf

Analysis

scout with your 17th scv, and build a missle turret in your main and place your army in your natural if you're facing proxy oracle.

The bunker is designed to help vs stalker harrasment.

keep your reaper alive for scout.

Go to:

Details

  • Created by: c3h8
  • Published on: Feb 10, 2018
  • Modified on: Feb 10, 2018
  • Patch: 4.0.0
Show
View Real Time Build Order
Export as new Build Order

Comments (0)

There are no comments. Be the first!

Create an account to comment!